 Dungeon Crawl Stone Soup version 0.30.0-18-gc0e69614cb (webtiles) character file.

Game seed: 13709715506513957335

1004 JanusIIV the Skirmisher (level 8, 0/49 HPs)
             Began as a Deep Elf Hunter on May 25, 2023.
             Slain by a manticore (8 damage)
             ... on level 6 of the Dungeon.
             The game lasted 00:07:57 (4821 turns).

JanusIIV the Skirmisher (Deep Elf Hunter)           Turns: 4821, Time: 00:07:58

Health: 0/49       AC:  8    Str:  8    XL:     8   Next: 0%
Magic:  10/10      EV: 13    Int: 15    God:
Gold:   224        SH:  0    Dex: 20    Spells: 7/7 levels left

rFire   . . .        t - +2 shortbow (flame)
rCold   . . .        (shield currently unavailable)
rNeg    . . .        c - +0 leather armour
rPois   .            (no helmet)
rElec   .            (no cloak)
rCorr   +            v - +0 pair of gloves
SInv    .            (no boots)
Will    .....        (no amulet)
Stlth   ++           y - +4 ring of protection
HPRegen 0.28/turn    x - ring of resist corrosion
MPRegen 0.12/turn

%: no passive effects
@: no status effects
A: no striking features
a: no special abilities


You were on level 6 of the Dungeon.
You visited 1 branch of the dungeon, and saw 6 of its levels.
You also visited: Sewer.

You collected 392 gold pieces.
You spent 168 gold pieces at shops.

Inventory:

Hand Weapons
 a - a +0 shortbow
 g - a +2 dagger of electrocution
 t - a +2 shortbow of flaming (weapon)
Armour
 c - a +0 leather armour (worn)
 v - a +0 pair of gloves (worn)
 z - the +2 scale mail of Vlad {rN+ Str+3}
   (You found it on level 5 of the Dungeon)

   Str:       It affects your strength (+3).
   rN:        It protects you from negative energy.
Jewellery
 x - a ring of resist corrosion (right hand)
 y - a +4 ring of protection (left hand)
 C - a ring of flight
Scrolls
 b - a scroll of immolation
 e - 2 scrolls of vulnerability {unknown}
 i - 2 scrolls of fear {unknown}
 j - a scroll of enchant weapon {unknown}
 k - 3 scrolls of teleportation {unknown}
 l - 2 scrolls of enchant armour {unknown}
 m - 8 scrolls of identify {unknown}
 o - a scroll of torment {unknown}
 q - a scroll of amnesia {unknown}
 r - 2 scrolls of poison {unknown}
 u - 2 scrolls of noise {unknown}
 w - 2 scrolls of fog {unknown}
Potions
 d - a potion of curing {unknown}
 f - 8 potions of flight
 h - 3 potions of degeneration {unknown}
 n - 3 potions of heal wounds {unknown}
 p - 2 potions of attraction {unknown}
 s - a potion of ambrosia {unknown}
 A - a potion of might {unknown}
 B - 4 potions of mutation


   Skills:
 + Level 5.2 Fighting
 + Level 10.3 Ranged Weapons
 + Level 3.3 Dodging
 - Level 1.2 Stealth


You had 7 spell levels left.
You didn't know any spells.
Your spell library contained the following spells:

 Spells                   Type           Power      Damage    Failure   Level
 Beastly Appendage        Tmut           0%         N/A       36%         1
 Magic Dart               Conj           0%         1d3       36%         1
 Call Imp                 Summ           0%         N/A       52%         2
 Sublimation of Blood     Necr           0%         N/A       52%         2
 Wereblood                Tmut           0%         N/A       52%         2
 Mephitic Cloud           Conj/Pois/Air  0%         N/A       75%         3
 Spider Form              Tmut/Pois      0%         N/A       75%         3
 Summon Hydra             Summ           0%         N/A       100%        7


Dungeon Overview and Level Annotations

Branches:
Dungeon (6/15)              Sewer (visited)
 Temple: D:4-7

Altars:
Kikubaaqudgha
Qazlal

Shops:
D:3 (   D:5 *

Annotations:
D:5 1 runed translucent door, Crazy Yiuf


Message History

The manticore is lightly wounded.
You shoot an arrow. The arrow closely misses the manticore.
You shoot an arrow. The arrow hits the manticore.
The arrow burns the manticore.
The manticore is lightly wounded.
The manticore bites you! The manticore misses you.
The manticore claws you but does no damage.
You shoot an arrow. The arrow hits the manticore!
The arrow burns the manticore.
The manticore is heavily wounded.
You carefully extract the barbed spikes from your body.
The manticore bites you but does no damage.
The manticore barely misses you. The manticore claws you.
You shoot an arrow. The arrow hits the manticore!
The arrow burns the manticore.
The manticore is severely wounded.
The manticore bites you!
The manticore claws you but does no damage. x2
You are too injured to fight recklessly!
You shoot an arrow.
The arrow hits the manticore but does no damage.
The manticore is severely wounded.
The manticore closely misses you. The manticore completely misses you.
The manticore claws you!
* * * LOW HITPOINT WARNING * * *
You shoot an arrow. The arrow hits the manticore!
The arrow burns the manticore.
The manticore is almost dead.
The manticore bites you.
* * * LOW HITPOINT WARNING * * *
The manticore claws you.
* * * LOW HITPOINT WARNING * * *
The manticore claws you but does no damage.
You shoot an arrow. The arrow hits the manticore.
The arrow burns the manticore.
The manticore is almost dead.
The manticore closely misses you.
The manticore claws you but does no damage.
The manticore claws you!
You die...

###########
#.........#
#.#######.# #.
#.#.#####.#####.##
#.
#@#...............
#.
#H#.#####.########
#. #.#...<.#.# #.
#.#.....#.# #.
#.#.....#.#
.###.#.###.#.......#
.....$.....#.#######
.T......>###.
#.#........#


You could see a manticore.

Vanquished Creatures
  An ice beast (D:5)
  2 phantoms
  2 scorpions (D:5)
  A jelly (D:5)
  3 orc wizards
  17 adders
  16 river rats
  A shadow imp (D:6)
  A white imp (D:5)
  3 ufetubi (D:5)
  3 worms (D:2)
  8 dart slugs
  19 orcs
  11 ball pythons
  9 endoplasms
  7 giant cockroaches
  9 goblins
  2 hobgoblins
  9 jackals
  10 kobolds
  13 quokkas
  15 bats
  6 frilled lizards
  26 rats
  A spectral goblin (D:1)
195 creatures vanquished.

Notes
Turn   | Place    | Note
-------+----------+-------------------------------------------
     0 | D:1      | JanusIIV the Deep Elf Hunter began the quest for the Orb.
     0 | D:1      | Reached XP level 1. HP: 12/12 MP: 3/3
    89 | D:1      | Reached XP level 2. HP: 17/17 MP: 4/4
   266 | D:1      | Found a faded altar of an unknown god.
   307 | D:1      | Reached skill level 6 in Ranged Weapons
   352 | D:1      | Reached XP level 3. HP: 21/21 MP: 5/5
   870 | D:2      | Reached XP level 4. HP: 24/27 MP: 6/6
  1395 | D:3      | Found Imaka's Antique Weapon Shoppe.
  1403 | D:3      | Bought a glowing shortbow for 168 gold pieces
  1656 | D:3      | Reached skill level 7 in Ranged Weapons
  1656 | D:3      | Reached XP level 5. HP: 21/32 MP: 7/7
  2069 | D:3      | Found a stormy altar of Qazlal.
  2718 | D:4      | Noticed a phantom
  2727 | D:4      | Killed a phantom
  2728 | D:4      | Reached XP level 6. HP: 25/38 MP: 8/8
  2799 | D:4      | Reached skill level 8 in Ranged Weapons
  3028 | D:5      | Entered Level 5 of the Dungeon
  3045 | D:5      | Noticed an ice beast
  3052 | D:5      | Killed an ice beast
  3155 | D:5      | Found an ancient bone altar of Kikubaaqudgha.
  3374 | D:5      | Reached XP level 7. HP: 44/44 MP: 9/9
  3376 | D:5      | Reached skill level 9 in Ranged Weapons
  3430 | D:5      | Identified the +2 scale mail of Vlad {rN+ Str+3}
  3500 | D:5      | Found Pemicwam's Gadget Gallery.
  3548 | D:5      | Found a glowing drain.
  3554 | Sewer    | Entered a sewer
  3593 | Sewer    | Reached skill level 5 in Fighting
  4284 | D:5      | Reached skill level 10 in Ranged Weapons
  4604 | D:5      | Found a runed translucent door.
  4605 | D:5      | Noticed Crazy Yiuf
  4801 | D:6      | Reached XP level 8. HP: 49/49 MP: 10/10
  4801 | D:6      | Noticed a manticore
  4801 | D:6      | Noticed a troll
  4821 | D:6      | Slain by a manticore

Illustrated notes

Levels and vault maps discovered:
D:1:      elethiomel_arrival_quiet, layout_rooms,
          dreamdust_ecumenical_altar_drowned_temple, minivault_25,
          amethyst_killhole
D:2:      layout_rooms, grunt_decor_one_mirror, minmay_gold_behind_fungi
D:3:      layout_basic, nicolae_overflow_hidden_temple, serial_shops,
          nicolae_diamond_shop, minmay_door_square,
          minmay_randomly_rotated_circles
D:4:      layout_gridville, minmay_misc_feat_more_columns
D:5:      lemuel_ratsnest, layout_cave_pools, kiku_gazebo_garden_becter,
          gup_sewer_entry_bubbles, nicolae_shop_gadgets, uniq_crazy_yiuf_cottage
D:6:      layout_basic, minmay_temple_entry_slanted, minmay_manual_moon

Skill      XL: |  1  2  3  4  5  6  7 |
---------------+----------------------+-----
Fighting       | 2 3 4 5 |  5.2
Ranged Weapons | 6 7 8 10 | 10.3
Dodging        | 3 |  3.3
Stealth        | |  1.2

Action                     |  1- 3 |  4- 6 |  7- 9 || total
---------------------------+-------+-------+-------++-------
   Fire: Shortbow          |   111 |   168 |   184 ||   463
 Armour: Leather armour    |    11 |    11 |    48 ||    70
  Dodge: Dodged            |    22 |    26 |    96 ||   144
